Map: Newkirk Precinct TE (Void)

Players

Musumeci - Winner!

  • Race: Zerg Zerg
  • League: Diamond
  • Spawn Location: 5:00

Rotkivj

  • Race: Terran Terran
  • League: Diamond
  • Spawn Location: 7:00

VOD

Have the link to the VOD?

Description

Time

  • Played on: Feb. 1, 2017, 7:47 a.m.
  • Length: 14:46
Show
View Real Time Build Order
Export as new Build Order

Musumeci Zerg - Winner!

Build Orders: Hatch First 

Get SALT Encoding   

  12  0:01  Drone  
  13  0:08  Drone  
  14  0:15  Extractor  
  14  0:16  Drone  
  15  0:44  Hatchery  
  15  0:48  Drone, Extractor  
  15  1:03  Spawning Pool  
  14  1:06  Extractor  
  13  1:12  Drone  
  13  1:13  Extractor  
  13  1:14  Drone  
  16  1:19  Overlord  
  16  1:38  Drone x2  
  18  1:45  Drone  
  19  1:49  Queen  
  21  1:55  Queen  
  21  1:57  Drone  
  21  2:01  Drone  
  25  2:06  Overlord  
  25  2:10  Drone  
  26  2:25  Queen  
  28  2:30  Queen  
  30  2:44  Drone x5  
  35  3:08  Extractor  
  35  3:09  Extractor  
  35  3:10  Roach Warren  
  32  3:15  Drone  
  32  3:16  Drone x2  
  32  3:19  Drone  
  36  3:27  Overlord  
  36  3:28  Hatchery, Overlord  
  35  3:40  Drone  
  36  3:47  Drone  
  36  3:48  Drone x6  
  43  3:58  Evolution Chamber  
  43  4:00  Evolution Chamber  
  41  4:08  Queen  
  43  4:11  Queen  
  45  4:18  Overlord  
  45  4:28  Zerg Ground Armor Level 1, Zerg Missile Weapons Level 1  
  45  4:32  Extractor  
  45  4:37  Spore Crawler  
  43  4:40  Spore Crawler  
  43  4:43  Spore Crawler  
  43  4:44  Spore Crawler  
  40  4:49  Spore Crawler  
  39  5:00  Lair  
  39  5:02  Drone x4  
  43  5:16  Roach  
  43  5:19  Roach  
  47  5:21  Spore Crawler  
  47  5:22  Spore Crawler  
  47  5:26  Roach  
  47  5:27  Evolution Chamber  
  46  5:30  Roach  
  48  5:44  Overlord x2  
  48  5:51  Drone x2  
  50  6:09  Hydralisk Den  
  50  6:10  Drone x9  
  58  6:15  Roach  
  60  6:32  Glial Reconstitution  
  60  6:37  Roach x3  
  66  6:43  Overlord  
  66  6:44  Overlord  
  66  7:00  Overlord x5  
  66  7:07  Muscular Augments  
  66  7:14  Drone x3  
  69  7:17  Drone  
  69  7:18  Drone x2, Extractor  
  69  7:19  Drone x2  
  69  7:20  Drone x2  
  69  7:21  Drone x2  
  77  7:28  Drone x3  
  80  7:33  Ravager  
  80  7:34  Ravager  
  80  7:36  Extractor  
  81  7:37  Extractor  
  81  7:38  Zergling x2  
  81  7:52  Drone x2  
  81  7:53  Zerg Missile Weapons Level 2  
  83  8:04  Roach  
  83  8:05  Roach x4  
  93  8:07  Drone x3  
  93  8:08  Drone x3  
  99  8:24  Hatchery  
  97  8:37  Roach x12  
  119  8:52  Drone x3  
  122  8:56  Overlord x3  
  122  8:57  Overlord x4  
  122  9:09  Ravager x2  
  122  9:19  Drone  
  122  9:20  Drone x5  
  122  9:21  Overlord x4  
  122  9:23  Overlord  
  128  9:26  Ravager x5  
  128  9:27  Ravager x3  
  128  9:28  Ravager  
  137  9:36  Extractor  
  134  9:47  Burrow  
  134  9:48  Tunneling Claws  
  128  10:03  Roach  
  128  10:04  Roach x13  
  105  10:30  Drone x3  
  105  10:32  Drone x4, Extractor  
  105  10:33  Drone  
  105  10:34  Drone x2  
  115  10:35  Ravager x4  
  115  10:36  Ravager x3  
  115  10:37  Ravager  
  122  10:48  Roach x3  
  122  10:49  Roach  
  130  10:50  Roach x8  
  140  10:59  Hatchery  
  140  11:01  Extractor  
  140  11:02  Extractor  
  137  11:10  Roach x3  
  137  11:21  Roach x2  
  137  11:24  Roach x2  
  137  11:25  Roach  
  137  11:28  Roach x2  
  137  11:39  Roach  
  135  11:40  Roach  
  135  11:44  Roach x2  
  135  11:45  Roach x16  
  169  12:01  Roach x5  
  169  12:02  Roach x10  
  195  12:12  Roach  
  195  12:20  Ravager x5  
  186  12:57  Roach x8  
  199  13:04  Roach  
  181  13:10  Roach x4  
  181  13:11  Roach x6  
  160  13:18  Ravager x4  
  160  13:19  Ravager x11  
  153  13:42  Roach x11  
  153  13:43  Roach x4  
  154  14:09  Ravager x9  
  166  14:10  Roach, Ravager x3  
  166  14:11  Roach x9  
  166  14:13  Drone  
  166  14:14  Drone x2  
  166  14:15  Drone x2  
  166  14:16  Drone  
Show
View Real Time Build Order
Export as new Build Order

Rotkivj Terran 

Build Orders: Reaper Expand, Mech 

Get SALT Encoding   

  12  0:01  SCV  
  13  0:13  SCV  
  14  0:18  Supply Depot  
  14  0:27  SCV  
  15  0:39  SCV  
  15  0:41  Barracks  
  16  0:46  Refinery  
  16  0:52  SCV  
  17  1:04  SCV  
  18  1:16  SCV  
  19  1:29  Orbital Command  
  19  1:30  Reaper  
  20  1:43  Command Center  
  20  1:55  SCV  
  21  2:03  Supply Depot  
  21  2:04  Marine  
  21  2:07  Factory  
  22  2:16  SCV  
  22  2:18  Refinery  
  22  2:31  Barracks Reactor  
  22  2:33  SCV  
  23  2:46  SCV  
  24  3:03  Orbital Command  
  24  3:07  Supply Depot  
  24  3:12  SCV  
  25  3:17  Starport  
  25  3:19  Starport  
  25  3:24  SCV  
  26  3:27  Hellion x2  
  26  3:29  SCV  
  31  3:36  SCV  
  32  3:42  SCV  
  32  3:44  Supply Depot  
  33  3:48  SCV  
  33  3:51  Hellion x2  
  33  3:54  SCV  
  33  3:55  Starport Tech Lab  
  39  3:57  Starport Tech Lab  
  39  4:02  SCV  
  40  4:06  SCV  
  41  4:12  Marine  
  41  4:14  SCV  
  41  4:16  Viking  
  45  4:18  SCV  
  45  4:22  Raven  
  48  4:26  SCV  
  48  4:30  SCV, Engineering Bay  
  50  4:34  Refinery  
  51  4:38  SCV  
  51  4:42  SCV  
  52  4:50  SCV  
  57  4:52  Hellion  
  57  4:53  Hellion, Supply Depot  
  57  4:54  SCV, Raven  
  60  5:02  SCV  
  60  5:06  SCV  
  62  5:14  SCV  
  62  5:18  SCV  
  62  5:21  Refinery  
  64  5:25  Supply Depot  
  64  5:27  SCV, Hellion x2  
  69  5:29  Command Center  
  69  5:30  SCV, Supply Depot  
  70  5:47  SCV x2, Raven  
  70  5:49  Supply Depot  
  74  5:51  Supply Depot  
  74  5:53  Command Center  
  74  5:59  SCV x2  
  74  6:00  Raven  
  74  6:03  Hellion x2  
  82  6:11  SCV x2  
  82  6:15  Factory  
  84  6:23  SCV x2  
  84  6:30  Raven  
  86  6:34  Hellion x2  
  86  6:37  SCV x2, Armory  
  86  6:39  Armory  
  92  6:41  Refinery  
  92  6:46  Planetary Fortress, Refinery  
  92  6:49  SCV, Supply Depot  
  92  6:50  SCV  
  94  7:01  Factory Tech Lab  
  94  7:05  SCV  
  94  7:08  Raven, Supply Depot x2  
  97  7:09  Supply Depot  
  97  7:11  SCV x2  
  99  7:17  Supply Depot  
  99  7:26  SCV x3  
  102  7:30  Building Armor  
  102  7:34  Terran Vehicle Weapons Level 1, Terran Ship Weapons Level 1  
  102  7:38  SCV  
  102  7:40  Factory  
  102  7:43  SCV x2  
  105  7:46  Planetary Fortress  
  105  7:50  SCV  
  106  7:54  Hellion x2, Siege Tank  
  106  7:55  SCV x2  
  106  7:56  Refinery  
  115  7:59  Refinery  
  115  8:02  SCV  
  116  8:07  SCV  
  116  8:08  SCV  
  118  8:14  SCV  
  120  8:20  SCV x2  
  120  8:24  Factory Tech Lab  
  120  8:26  SCV  
  121  8:35  Infernal Pre-Igniter, Siege Tank  
  122  8:44  Factory x2  
  121  8:56  Hellion x2  
  121  8:58  Siege Tank  
  121  9:02  Raven x2  
  132  9:07  Missile Turret  
  132  9:14  Sensor Tower  
  132  9:15  Missile Turret  
  132  9:26  Supply Depot  
  132  9:27  Supply Depot  
  132  9:28  Siege Tank  
  132  9:29  Hellion x2  
  132  9:30  Siege Tank  
  142  9:34  Command Center  
  142  9:37  Command Center  
  142  9:45  Engineering Bay  
  142  9:49  Command Center, Supply Depot  
  142  9:50  Hellion  
  142  9:51  Hellion  
  146  9:54  Corvid Reactor  
  146  9:56  Factory Tech Lab x2  
  140  10:30  Terran Vehicle Weapons Level 2, Terran Ship Weapons Level 2  
  140  10:35  Command Center x2  
  140  10:37  Starport x2  
  140  10:47  Neosteel Frame  
  140  10:50  SCV x2  
  140  10:51  Thor x2  
  140  10:52  Siege Tank x2  
  140  10:54  Raven x2  
  140  10:55  Hellion  
  166  10:58  Hellion  
  166  11:02  Planetary Fortress  
  168  11:07  Orbital Command  
  168  11:23  Hellion x2  
  169  11:41  Missile Turret  
  169  11:44  Missile Turret  
  169  11:46  Missile Turret  
  167  11:49  Missile Turret  
  160  12:06  Missile Turret  
  157  12:12  Missile Turret  
  157  12:15  Raven x2  
  161  12:16  Starport Reactor x2  
  157  12:23  Missile Turret  
  157  12:24  Missile Turret  
  157  12:28  Planetary Fortress  
  157  12:29  SCV x3  
  158  12:46  Terran Vehicle And Ship Armor Level 1  
  130  12:58  Raven, Hellion  
  130  12:59  Raven, Hellion  
  101  13:41  Raven x2  
  89  14:07  Hellion x2, Siege Tank  
  89  14:08  Siege Tank x3  
  113  14:21  SCV x5  
  118  14:38  Supply Depot  
  108  14:40  Command Center  
Tags
 
Add a new tag
Caveats
  • Supply blocks, unpowered buildings, or Contaminate may cause inaccurate times.
  • Supply counts are checked every 10 seconds.